 Dungeon Crawl Stone Soup version 0.31-a0-204-g7da18cac08 (webtiles) character file.

Game seed: 12684891373275148483

111 qw the Skirmisher (level 4, 0/25 HPs)
             Began as a Deep Elf Hunter on June 27, 2023.
             Killed by divine providence
             ... invoked by an orc priest
              (14 damage)
             ... on level 3 of the Dungeon.
             The game lasted 00:00:41 (1258 turns).

qw the Skirmisher (Deep Elf Hunter)                 Turns: 1258, Time: 00:00:42

Health: 0/25       AC:  4    Str: 10    XL:     4   Next: 62%
Magic:  6/6        EV: 12    Int: 14    God:
Gold:   652        SH:  0    Dex: 18    Spells: 3/3 levels left

rFire   . . .        Y - +0 shortbow
rCold   . . .        (shield currently unavailable)
rNeg    . . .        c - +0 leather armour
rPois   .            b - +0 helmet
rElec   .            (no cloak)
rCorr   .            (no gloves)
SInv    .            (no boots)
Will    +....        (no amulet)
Stlth   ++           g - ring of willpower
HPRegen 0.24/turn    a - +4 ring of slaying {mikee}
MPRegen 0.10/turn

%: no passive effects
@: no status effects
A: no striking features
a: no special abilities


You were on level 3 of the Dungeon.
You visited 1 branch of the dungeon, and saw 3 of its levels.

You collected 652 gold pieces.


   Skills:
 - Level 1.5 Fighting
 + Level 8.0 Ranged Weapons
 - Level 2.4 Dodging
 - Level 1.2 Stealth


You had 3 spell levels left.
You didn't know any spells.
Your spell library was empty.

Inventory:

Hand Weapons
 Y - a +0 shortbow (weapon)
Armour
 b - a +0 helmet (worn)
 c - a +0 leather armour (worn)
Jewellery
 a - a +4 ring of slaying (right hand) {mikee}
 g - a ring of willpower (left hand)
Potions
 e - a potion of curing
 f - a potion of attraction {unknown}
 i - a potion of haste {unknown}

Dungeon Overview and Level Annotations

Branches:
Dungeon (3/15)

Altars:


Message History

(D) Dungeon
Where to? (* - list waypoints, Enter - D:2, ? - help)
What level of the Dungeon? (default 1, ? - help)
There is a stone staircase leading down here.
You climb downwards.
Found a scale mail, a potion of curing, a book of Weapons and 4 gold pieces.
Found a stone staircase leading down.
There is a stone staircase leading up here.
A hobgoblin is nearby!
Waypoint 2 assigned to D:3.
You shoot an arrow. The arrow hits the hobgoblin.
The hobgoblin shouts!
The hobgoblin is almost dead.
You hear a shout! x3
You shoot an arrow. The arrow hits the hobgoblin!
You kill the hobgoblin!
An adder and a frilled lizard come into view.
The adder hisses angrily.
You shoot an arrow.
The arrow hits the adder but does no damage.
An orc comes into view. It is wielding a +0 hand axe.
You shoot an arrow. The arrow hits the adder.
The adder is lightly wounded.
An orc priest comes into view. It is wielding a +0 falchion.
You shoot an arrow. The arrow hits the adder!
You kill the adder!
Your Ranged Weapons skill increases to level 8!
You shoot an arrow. The arrow closely misses the orc.
You shoot an arrow. The arrow hits the orc.
The orc is heavily wounded.
The orc priest invokes the aid of Beogh against you.
Beogh smites you!
You hear an angry hiss.
You shoot an arrow. The arrow barely misses the orc.
An adder comes into view.
You shoot an arrow. The arrow barely misses the orc.
The frilled lizard hisses angrily.
The orc priest calls down the wrath of Beogh upon you.
Beogh smites you!
Ouch! That really hurt!
You die...

.....$........
..........:..##
...............
...............
...............
# .............
.l. #.....!S...
.....##.<..o....
......[@o####>..
.####..### ##.
.. ##. #. .. .#


You could see an orc priest, an adder, an orc and a frilled lizard.

Vanquished Creatures
  Robin (D:2)
  4 adders
  5 worms (D:2)
  2 bats
  4 endoplasms
  A giant cockroach (D:1)
  13 goblins
  5 hobgoblins
  6 kobolds
  A quokka (D:1)
  3 ball pythons (D:2)
  A frilled lizard (D:1)
  2 rats (D:1)
48 creatures vanquished.

Notes
Turn   | Place    | Note
-------+----------+-------------------------------------------
     0 | D:1      | qw the Deep Elf Hunter began the quest for the Orb.
     0 | D:1      | Reached XP level 1. HP: 12/12 MP: 3/3
     0 | D:1      | 0 ||| qw: Version: 0.3-a-22-g0ed2b0b
     0 | D:1      | 0 ||| qw: Game counter: 6532
     0 | D:1      | 0 ||| qw: Melee chars always use a shield: true
     0 | D:1      | 0 ||| qw: God list: Okawaru
     0 | D:1      | 0 ||| qw: Allow faded altars: false
     0 | D:1      | 0 ||| qw: Do Orc after clearing Dungeon:15 true
     0 | D:1      | 0 ||| qw: Do second Lair branch before Depths: true
     0 | D:1      | 0 ||| qw: Lair rune preference: random
     0 | D:1      | 0 ||| qw: Goals: Normal
     0 | D:1      | 0 ||| PLANNING D:1-11
   184 | D:1      | Reached skill level 6 in Ranged Weapons
   184 | D:1      | Reached XP level 2. HP: 16/16 MP: 4/4
   477 | D:1      | 477 ||| UPGRADING to ring of willpower.
   478 | D:1      | 478 ||| READING scroll labelled IMPOQ LEIWUVI.
   479 | D:1      | 479 ||| READING scroll labelled WAEDEOROJA.
   480 | D:1      | 480 ||| READING scroll labelled BAGGOER POIVIRYT.
   481 | D:1      | 481 ||| DRINKING 2 bubbling emerald potions.
   482 | D:1      | 482 ||| DRINKING 2 sedimented cyan potions.
   516 | D:1      | 516 ||| DROPPING scroll of butterflies.
   517 | D:1      | 517 ||| DROPPING potion of lignification.
   616 | D:2      | 616 ||| STAIRDANCE
   629 | D:1      | Reached XP level 3. HP: 19/20 MP: 5/5
   642 | D:2      | 642 ||| STAIRDANCE
   645 | D:1      | Reached skill level 7 in Ranged Weapons
   671 | D:2      | HP: 4/20 [worm (11)]
   772 | D:2      | Identified the +8 whip of Impermanence {protect, Contam
                  | rF++}
   922 | D:2      | Reached XP level 4. HP: 25/25 MP: 6/6
   923 | D:2      | Noticed Robin
   935 | D:2      | Killed Robin
   936 | D:2      | 936 ||| FLEEEEING.
   937 | D:2      | 937 ||| FLEEEEING.
   938 | D:2      | 938 ||| FLEEEEING.
   939 | D:2      | 939 ||| FLEEEEING.
   940 | D:2      | 940 ||| FLEEEEING.
   941 | D:2      | 941 ||| FLEEEEING.
   942 | D:2      | 942 ||| FLEEEEING.
   943 | D:2      | 943 ||| FLEEEEING.
   944 | D:2      | 944 ||| FLEEEEING.
   945 | D:2      | 945 ||| FLEEEEING.
   946 | D:2      | 946 ||| FLEEEEING.
   947 | D:2      | 947 ||| FLEEEEING.
   948 | D:2      | 948 ||| FLEEEEING.
   949 | D:2      | 949 ||| FLEEEEING.
   950 | D:2      | 950 ||| FLEEEEING.
   951 | D:2      | 951 ||| FLEEEEING.
   952 | D:2      | 952 ||| FLEEEEING.
   953 | D:2      | 953 ||| FLEEEEING.
   954 | D:2      | 954 ||| STAIRDANCE
   971 | D:1      | 971 ||| UPGRADING to +4 ring of slaying {mikee}.
   972 | D:1      | 972 ||| READING scroll labelled KONNIGR ZITUSH.
   973 | D:1      | 973 ||| READING scroll labelled NAWNOR BOETOGO.
  1221 | D:2      | 1221 ||| UPGRADING to +0 helmet.
  1226 | D:2      | 1226 ||| READING scroll labelled NUDWYU VYHI.
  1226 | D:2      | Identified a scroll of acquirement
  1226 | D:2      | 1226 ||| ACQUIRING 528 gold pieces
  1226 | D:2      | Acquired 528 gold pieces
  1255 | D:3      | Reached skill level 8 in Ranged Weapons
  1258 | D:3      | Killed from afar by an orc priest

Levels and vault maps discovered:
D:1:      tarquinn_simple_flora_water_d, layout_rooms
D:2:      layout_loops_ring, uniq_robin
D:3:      layout_rooms, mainiacjoe_overflow_alcove_4,
          nicolae_hepliaklqana_hazy_memory, mainiacjoe_overflow_brackets,
          nicolae_qazlal_style_of_elements, wad_floor_pattern_1

Skill      XL: |  1  2  3  4 |
---------------+-------------+-----
Ranged Weapons | 6 7 8 |  8.0
Fighting       | |  1.5
Dodging        | |  2.4
Stealth        | |  1.2

Action                     |  1- 3 |  4- 6 || total
---------------------------+-------+-------++-------
   Fire: Shortbow          |   113 |    32 ||   145
    Use: Scroll            |     3 |     3 ||     6
         Potion            |     2 |       ||     2
 Armour: Leather armour    |    11 |       ||    11
  Dodge: Dodged            |    23 |     5 ||    28

Table legend:
 A = Non-vault XP
 B = Vault XP
 C = Vault XP percentage of total XP
 D = Non-vault monster count
 E = Vault monster count
 F = Vault count percentage of total count
                 A         B        C        D         E       F
            +---------+---------+-------+---------+---------+-------
      Total |     127 |      32 |  20.1 |      39 |       9 |  18.8
            +---------+---------+-------+---------+---------+-------
        D:1 |      52 |       0 |   0.0 |      17 |       0 |   0.0
        D:2 |      60 |      32 |  34.8 |      20 |       9 |  31.0
        D:3 |      15 |       0 |   0.0 |       2 |       0 |   0.0
            +---------+---------+-------+---------+---------+-------
